General information
- name: BNet
- type: Ladder team game (AT/RT)
- host: Battle.net
- saver: Lapti_Nek
map: Battleground
- players: 8
- length: 11:23
- speed: Fast
- version: 1.26 W3XP
- replay type: Public
» download(88 KB)
Players
team 1 (loser)
aaronhernandez (
purple | 30 APM | 128 actions | 04:13)
1 Blademaster
1 Wind Walk
» actions
| Basic commands | 4 | |
| Build / train | 12 | |
| ESC pressed | 1 | |
| Enter build submenu | 8 | |
| Enter hero's abilities submenu | 1 | |
| Right click | 33 | |
| Select / deselect | 57 | |
| Use ability | 12 | |
128 total
» units
» buildings
| Altar of Storms | 1 | |
| Orc Burrow | 4 | |
| Voodoo Lounge | 1 | |
| War Mill | 1 | |
| Stronghold | 1 | |
8 total
» build order
00:11 Altar of Storms
00:22 Orc Burrow
00:56 Orc Burrow
00:59 Voodoo Lounge
01:56 Orc Burrow
02:39 War Mill
03:22 Stronghold
03:27 Orc Burrow
» items
Lapti_Nek (
teal | 26 APM | 296 actions | 11:23)
1 Pit Lord
1 Rain of Fire
1 Pandaren Brewmaster
1 Breath of Fire
» actions
| Assign group hotkey | 2 | |
| Basic commands | 10 | |
| Build / train | 17 | |
| Enter build submenu | 10 | |
| Enter hero's abilities submenu | 2 | |
| Right click | 112 | |
| Select / deselect | 74 | |
| Select group hotkey | 51 | |
| Use ability | 18 | |
296 total
» units
» buildings
| Altar of Storms | 1 | |
| Orc Burrow | 2 | |
| War Mill | 1 | |
| Stronghold | 1 | |
| Voodoo Lounge | 1 | |
| Fortress | 1 | |
| Beastiary | 1 | |
8 total
» build order
00:04 Altar of Storms
00:07 Orc Burrow
01:43 Orc Burrow
02:31 War Mill
03:34 Stronghold
05:08 Voodoo Lounge
06:37 Fortress
07:20 Beastiary
» items
| Healing Salve | 1 | |
| Scroll of Speed | 1 | |
2 total

»
kikijiki (
green | 93 APM | 906 actions | 09:47)
2 Death Knight
1 Death Coil
1 Death Pact
» actions
| Assign group hotkey | 181 | |
| Basic commands | 5 | |
| Build / train | 33 | |
| Enter build submenu | 10 | |
| Enter hero's abilities submenu | 2 | |
| Remove unit from queue | 3 | |
| Right click | 412 | |
| Select / deselect | 170 | |
| Select group hotkey | 53 | |
| Use ability | 37 | |
906 total
» units
| Acolyte | 2 | |
| Ghoul | 4 | |
| Crypt Fiend | 8 | |
14 total
» upgrades
» buildings
| Crypt | 1 | |
| Graveyard | 1 | |
| Ziggurat | 5 | |
| Altar of Darkness | 1 | |
| Tomb of Relics | 1 | |
| Nerubian Tower | 2 | |
| Stronghold | | |
| Halls of the Dead | 1 | |
12 total
» build order
00:09 Crypt
00:12 Graveyard
00:40 Ziggurat
01:08 Altar of Darkness
01:48 Ziggurat
02:12 Tomb of Relics
03:03 Nerubian Tower
03:03 Nerubian Tower
05:31 Halls of the Dead
05:36 Ziggurat
05:39 Ziggurat
07:55 Ziggurat
» items
| Rod of Necromancy | 2 | |
| Dust of Appearance | 1 | |
| Potion of Healing | 2 | |
| Potion of Mana | 1 | |
6 total

»
CHECO (
pink | 87 APM | 986 actions | 11:23)
2 Blademaster
1 Mirror Image
1 Wind Walk
» actions
| Assign group hotkey | 21 | |
| Basic commands | 179 | |
| Build / train | 39 | |
| ESC pressed | 1 | |
| Enter build submenu | 13 | |
| Enter hero's abilities submenu | 2 | |
| Right click | 199 | |
| Select / deselect | 136 | |
| Select group hotkey | 343 | |
| Use ability | 53 | |
986 total
» units
» upgrades
» buildings
| Altar of Storms | 1 | |
| Orc Burrow | 4 | |
| Voodoo Lounge | 1 | |
| Barracks | 1 | |
| Stronghold | 4 | |
| War Mill | 1 | |
| Watch Tower | 2 | |
14 total
» build order
00:09 Altar of Storms
00:14 Orc Burrow
00:32 Voodoo Lounge
01:29 Barracks
01:59 Orc Burrow
03:12 Stronghold
03:12 Stronghold
03:12 Stronghold
03:13 Stronghold
05:36 Orc Burrow
06:35 War Mill
07:00 Orc Burrow
09:32 Watch Tower
09:54 Watch Tower
» items
| Lesser Clarity Potion | 4 | |
| Healing Salve | 2 | |
6 total
team 2 (winner)
PoXNoRa (
orange | 77 APM | 877 actions | 11:23)
3 Archmage
2 Summon Water Elemental
1 Brilliance Aura
» actions
| Assign group hotkey | 6 | |
| Build / train | 34 | |
| Enter build submenu | 12 | |
| Enter hero's abilities submenu | 3 | |
| Remove unit from queue | 1 | |
| Right click | 644 | |
| Select / deselect | 115 | |
| Select group hotkey | 19 | |
| Use ability | 43 | |
877 total
» units
| Peasant | 11 | |
| Rifleman | 6 | |
| Priest | 2 | |
19 total
» upgrades
| Gunpowder | 2 | |
| Armor | 2 | |
| Long Rifles | 1 | |
| Lumber Harvesting | 2 | |
| Priest Training | 1 | |
8 total
» buildings
| Altar of Kings | 1 | |
| Farm | 12 | |
| Blacksmith | 1 | |
| Barracks | 2 | |
| Keep | 1 | |
| Arcane Vault | 1 | |
| Lumber Mill | 1 | |
| Arcane Sanctum | 1 | |
| Castle | 1 | |
| Workshop | 1 | |
| Town Hall | 1 | |
23 total
» build order
00:08 Altar of Kings
00:22 Farm
00:23 Farm
00:24 Farm
00:25 Farm
01:37 Blacksmith
01:45 Barracks
02:37 Barracks
02:42 Farm
02:42 Farm
04:16 Keep
05:24 Arcane Vault
06:06 Lumber Mill
06:39 Arcane Sanctum
06:53 Castle
09:50 Workshop
11:03 Town Hall
11:19 Farm
11:20 Farm
11:20 Farm
11:20 Farm
11:20 Farm
11:21 Farm

»
Dorian75 (
red | 115 APM | 1304 actions | 11:23)
2 Lich
1 Frost Nova
1 Dark Ritual
» actions
| Assign group hotkey | 7 | |
| Basic commands | 14 | |
| Build / train | 32 | |
| ESC pressed | 1 | |
| Enter build submenu | 20 | |
| Enter hero's abilities submenu | 2 | |
| Right click | 749 | |
| Select / deselect | 291 | |
| Select group hotkey | 157 | |
| Use ability | 31 | |
1304 total
» units
| Acolyte | 3 | |
| Ghoul | 8 | |
| Crypt Fiend | 4 | |
15 total
» upgrades
| Unholy Strength | 1 | |
| Unholy Armor | 1 | |
2 total
» buildings
| Altar of Darkness | 1 | |
| Ziggurat | 10 | |
| Crypt | 1 | |
| Graveyard | 1 | |
| Tomb of Relics | 2 | |
| Nerubian Tower | 3 | |
| Spirit Tower | 6 | |
| Halls of the Dead | 1 | |
25 total
» build order
00:22 Altar of Darkness
00:25 Ziggurat
00:34 Crypt
01:01 Graveyard
01:14 Tomb of Relics
01:48 Ziggurat
03:26 Nerubian Tower
05:26 Ziggurat
05:44 Ziggurat
06:21 Spirit Tower
06:32 Tomb of Relics
07:19 Ziggurat
08:15 Ziggurat
08:17 Ziggurat
08:19 Nerubian Tower
09:05 Halls of the Dead
09:10 Spirit Tower
09:12 Nerubian Tower
09:39 Ziggurat
09:40 Ziggurat
10:32 Spirit Tower
10:33 Spirit Tower
10:35 Ziggurat
» items
| Rod of Necromancy | 1 | |
| Sacrificial Skull | 1 | |
2 total

»
A.c.c.L (
yellow | 78 APM | 883 actions | 11:23)
3 Archmage
1 Summon Water Elemental
2 Brilliance Aura
1 Firelord
1 Summon Lava Spawn
» actions
| Assign group hotkey | 1 | |
| Basic commands | 8 | |
| Build / train | 45 | |
| Enter build submenu | 15 | |
| Enter hero's abilities submenu | 4 | |
| Give item / drop item | 1 | |
| Right click | 656 | |
| Select / deselect | 123 | |
| Select group hotkey | 2 | |
| Use ability | 28 | |
883 total
» units
| Peasant | 7 | |
| Rifleman | 19 | |
| Mortar Team | 1 | |
27 total
» upgrades
| Gunpowder | 1 | |
| Armor | 1 | |
| Masonry | 2 | |
| Flare | 1 | |
| Lumber Harvesting | 1 | |
6 total
» buildings
| Blacksmith | 1 | |
| Farm | 9 | |
| Altar of Kings | 1 | |
| Barracks | 1 | |
| Lumber Mill | 1 | |
| Keep | 1 | |
| Arcane Vault | 1 | |
| Workshop | 3 | |
18 total
» build order
00:24 Blacksmith
00:32 Farm
00:37 Farm
01:18 Altar of Kings
01:25 Farm
01:44 Barracks
02:07 Farm
02:14 Lumber Mill
03:52 Farm
03:55 Farm
04:00 Farm
05:05 Keep
06:05 Farm
06:54 Farm
08:49 Arcane Vault
09:03 Workshop
09:09 Workshop
09:17 Workshop
» items
| Scroll of Healing | 1 | |
| Scroll of Town Portal | 1 | |
| Scroll of Regeneration | 2 | |
| Potion of Healing | 1 | |
5 total
BelligerentMonk (
blue | 65 APM | 735 actions | 11:23)
1 Mountain King
1 Storm Bolt
» actions
| Assign group hotkey | 6 | |
| Basic commands | 9 | |
| Build / train | 41 | |
| Enter build submenu | 25 | |
| Enter hero's abilities submenu | 1 | |
| Remove unit from queue | 3 | |
| Right click | 294 | |
| Select / deselect | 228 | |
| Select group hotkey | 93 | |
| Use ability | 35 | |
735 total
» units
| Peasant | 21 | |
| Footman | 3 | |
| Rifleman | 1 | |
25 total
» upgrades
» buildings
| Lumber Mill | 1 | |
| Scout Tower | 8 | |
| Guard Tower | 5 | |
| Altar of Kings | 1 | |
| Farm | 7 | |
| Arcane Tower | 1 | |
| Barracks | 2 | |
| Blacksmith | 1 | |
| Arcane Vault | 1 | |
27 total
» build order
00:19 Lumber Mill
00:57 Scout Tower
01:01 Scout Tower
01:22 Guard Tower
01:24 Guard Tower
01:37 Scout Tower
01:57 Guard Tower
02:20 Scout Tower
02:58 Guard Tower
03:18 Scout Tower
03:46 Guard Tower
03:50 Scout Tower
06:00 Altar of Kings
06:03 Farm
06:07 Scout Tower
06:11 Scout Tower
06:38 Arcane Tower
06:39 Guard Tower
07:06 Barracks
07:33 Farm
08:15 Barracks
08:17 Blacksmith
09:44 Arcane Vault
09:47 Farm
10:29 Farm
10:52 Farm
10:57 Farm
11:18 Farm
» items
| Potion of Lesser Invulnerability | 1 | |
| Staff of Teleportation | 1 | |
| Scroll of Regeneration | 1 | |
| Lesser Clarity Potion | 2 | |
5 total
Chat log
(00:04 / Allies) aaronhernandez: fast air
(00:05 / Allies) aaronhernandez: haras
(00:12 / Allies) Lapti_Nek: sounds sweet
(00:45 / Allies) aaronhernandez: fuck
(00:48 / Allies) kikijiki: cancel it
(00:48 / All) Lapti_Nek: oh okay.
(00:56 / Allies) kikijiki: sall good
(00:59 / Allies) kikijiki: you know who to harass
(01:01 / Allies) aaronhernandez: help
(01:01 / Allies) aaronhernandez: now
(01:03 / All) PoXNoRa: UNITS?
(01:18 / Allies) aaronhernandez: now
(01:24 / Allies) kikijiki: cant, no hero or anything
(01:27 / Allies) kikijiki: just make ur hero
(01:29 / Allies) aaronhernandez: come
(01:30 / Allies) aaronhernandez: now
(01:31 / Allies) aaronhernandez: i cant
(01:36 / Allies) aaronhernandez: they made me lose my burrow
(02:01 / Allies) aaronhernandez: pink
(02:02 / Allies) aaronhernandez: come
(02:17 / Allies) aaronhernandez: teal what the fuck man
(02:25 / Allies) Lapti_Nek: hi?
(02:43 / Allies) kikijiki: do split image too purp
(02:57 / Allies) kikijiki: fail
(03:04 / All) BelligerentMonk: idiot
(03:33 / Allies) aaronhernandez: teal
(03:36 / Allies) aaronhernandez: what in the fuck
(03:39 / Allies) kikijiki: lol, y do you upgrade if your getting rushed
(03:43 / All) Dorian75: is purple actually trying to tech?
(03:49 / All) kikijiki: no. lol
(03:53 / All) BelligerentMonk: gg pathetic idiots
(03:54 / Allies) Lapti_Nek: are you really going to blame me for you not being able to handle four peasants?
(04:05 / All) BelligerentMonk: LOL
(04:06 / All) BelligerentMonk: idiot
(04:11 / All) aaronhernandez: teal fucked us
(04:29 / All) Dorian75: dude you lost
(04:33 / All) Dorian75: to a tower rush
(04:36 / All) Dorian75: in 2013
(04:36 / All) Lapti_Nek: Yeah...
(04:58 / All) BelligerentMonk: LOL PINK
(05:00 / All) BelligerentMonk: fucking idiot
(05:00 / All) Lapti_Nek: Purple whispered me just to tell me that he's going to teamkill me if he sees this one-off smurf account again.
(06:27 / All) Lapti_Nek: oh well. Gj
(07:06 / All) Lapti_Nek: I don't think we can win o.
(07:17 / All) BelligerentMonk: you cant win, piece of shit
(07:35 / All) Lapti_Nek: Why are all the trashtalkers so damn bad at this game.
(07:46 / All) BelligerentMonk: so bad that i kicked your ass with a tower rush, right, teal?
(07:52 / All) Lapti_Nek: You did nothing to me.
(07:54 / All) Lapti_Nek: you killed purple, sure.
(07:56 / All) Lapti_Nek: But he sucks.
(08:06 / All) BelligerentMonk: except winning the game, right, teal?
(08:19 / All) Lapti_Nek: Look if you want to settle this in a 1v1, I'd be okay with that.
(08:26 / All) BelligerentMonk: anytime, noob
(08:28 / All) Lapti_Nek: after this?
(08:33 / All) BelligerentMonk: yes
(08:35 / All) Lapti_Nek: ok
(08:37 / All) Lapti_Nek: Meet in channel forum
(08:44 / All) BelligerentMonk: deal
(08:51 / All) Lapti_Nek: wanna obs this, ruin?
(09:20 / All) BelligerentMonk: LOL
(09:32 / All) BelligerentMonk: LOL
(09:43 / Allies) kikijiki: tealy no units?
(09:44 / Allies) kikijiki: lols
(09:52 / All) Lapti_Nek: ok
(09:52 / All) Lapti_Nek: Brt
(10:03 / All) PoXNoRa: i think he was surrounded by riffles
(11:21 / All) Lapti_Nek: See ya there, blue.